 Dungeon Crawl Stone Soup version 0.25-a0-972-g74ed164fb1 (webtiles) character file.

Game seed: 16693838988383123458, levelgen mode: deterministic

704 Maedhros the Sneak (level 7, -4/43 HPs)
             Began as an Octopode Artificer on May 9, 2020.
             Was a Priest of Cheibriados.
             Slain by an orc warrior
             ... wielding a +0 short sword
              (21 damage)
             ... on level 6 of the Dungeon.
             The game lasted 00:13:12 (2251 turns).

Maedhros the Sneak (Octopode Artificer)             Turns: 2251, Time: 00:13:12

Health: -4/43      AC:  4    Str: 17      XL:     7   Next: 67%
Magic:  9/9        EV: 14    Int: 20 (21) God:    Cheibriados [***...]
Gold:   172        SH:  0    Dex: 21      Spells: 6/6 levels left

rFire    x . .     SeeInvis .     - Unarmed
rCold    + . .     Gourm    .   (no shield)
rNeg     . . .     Faith    .   (helmet restricted)
rPois    .         Spirit   .   (no amulet)
rElec    .         Reflect  .   n - ring of ice
rCorr    .         Harm     .   (no ring)
MR       .....                  (no ring)
Stlth    +++++.....             (no ring)
HPRegen  0.14/turn              (no ring)
MPRegen  0.11/turn              (no ring)
                                (no ring)
                                (no ring)

@: lightly drained, very slow
A: almost no armour, stealthy swim, amphibious, 8 rings, constrict 8, thin
metallic scales 1, camouflage 1, clever 1, shaggy fur 1, gelatinous body 1
a: Bend Time, Temporal Distortion, Renounce Religion


You were on level 6 of the Dungeon.
You worshipped Cheibriados.
Cheibriados was most pleased with you.
You were not hungry.

You visited 2 branches of the dungeon, and saw 8 of its levels.

You collected 172 gold pieces.

Inventory:

Missiles
 i - 9 poisoned darts (quivered)
Magical Staves
 h - an uncursed staff of conjuration
Jewellery
 n - a ring of ice (left tentacle)
Wands
 b - a wand of flame (8)
Scrolls
 a - 2 scrolls of identify
 g - 3 scrolls of remove curse
 j - a scroll of random uselessness
Potions
 k - a potion of mutation
Comestibles
 f - 2 rations


   Skills:
 - Level 1.0(0.8) Fighting
   Level 1.0(0.8) Short Blades
 - Level 2.0(1.7) Dodging
 + Level 7.4(7.1) Stealth
 * Level 6.2(5.9) Unarmed Combat
 - Level 3.2(3.0) Evocations


You had 6 spell levels left.
You didn't know any spells.
Your spell library was empty.

Dungeon Overview and Level Annotations

Branches:
Dungeon (7/15)             Temple (1/1) D:5

Altars:
Ashenzari
Cheibriados
Dithmenos
Elyvilon
Fedhas
Gozag
Hepliaklqana
Kikubaaqudgha
Makhleb
Nemelex Xobeh
Okawaru
Qazlal
Ru
Trog
Uskayaw
Wu Jian
Xom
Yredelemnul
Zin
The Shining One


Innate Abilities, Weirdness & Mutations

You cannot wear most types of armour.
You are very stealthy in the water. (Stealth+)
You are amphibious.
You can wear up to eight rings at the same time.
You can use your tentacles to constrict eight enemies at once.
Your skin changes colour to match your surroundings (Stealth+).
Your rubbery body absorbs attacks. (AC +1, EV +1)
You are partially covered in thin metallic scales. (AC +2)
Your mind is acute. (Int +2)
You are covered in fur. (AC +1)


Message History

You tentacle-slap the orc warrior.
The orc warrior is lightly wounded.
You constrict the orc warrior.
Unknown command.
You tentacle-slap the orc warrior but do no damage.
The orc warrior is lightly wounded.
You constrict the orc warrior, but do no damage.
Unknown command.
You bludgeon the orc warrior! You squeeze the orc warrior!
The orc warrior is severely wounded.
You constrict the orc warrior, but do no damage.
The orc warrior hits you with a +0 short sword!!
The orc shouts!
Unknown command.
You tentacle-slap the orc warrior but do no damage.
You squeeze the orc warrior.
The orc warrior is severely wounded.
You constrict the orc warrior.
The orc warrior hits you with a +0 short sword!!
You die...

** #.##.##.##<## #.# ,*
****#.#.........# #.# ,*
*,,,#.#..##.##..# #.# ,*
***,#.#.#.#.#.#.#.# #.# ,*
*,,,#....#.#..[#*o# #.#
,********,**###o###.#.###.####.#
,*,,,,,,,,,,*..o# ##...........#
,,,,*******,#.#o###.#.#######.##
,,,,* *...##@#.##.# #.# ***,*
##.**##.###.# #.## *,* #,*
##....# #..# *,* *,* #.##.# #..#
*,* *,****#.##.# #).# *,*
*,**,*#.##.#######..# *,*
*,,,,,#.##..........# *,*
****,*#.#####..####.# *,* *,*#.#
#.## *.#


You could see an orc warrior and 2 orcs.

Vanquished Creatures
  Menkaure (D:4)
  An ogre (D:6)
  A bullfrog (D:6)
  2 crimson imps
  A bullfrog zombie (D:6)
  An orc priest (D:3)
  2 hounds
  2 orc wizards (D:5)
  An iguana (D:6)
  6 adders
  A worm (D:2)
  3 dart slugs
  2 leopard geckos (D:1)
  16 orcs
  2 ball pythons
  7 bats
  5 giant cockroaches
  5 goblins
  8 hobgoblins
  7 jackals
  A quokka (D:2)
  4 frilled lizards
  3 kobolds
  6 rats
88 creatures vanquished.

Vanquished Creatures (collateral kills)
  A wight (D:6)
  An adder (D:7)
  3 orcs (D:6)
  A jackal (D:3)
  A rat (D:2)
7 creatures vanquished.

Vanquished Creatures (others)
  A slave (D:7)
  A centaur (D:6)
  A wight (D:6)
  An orc priest (D:3)
  An orc wizard (D:6)
  2 orcs
7 creatures vanquished.

Grand Total: 102 creatures vanquished

Notes
Turn   | Place    | Note
-------+----------+-------------------------------------------
     0 | D:1      | Maedhros the Octopode Artificer began the quest for the
                  | Orb.
     0 | D:1      | Reached XP level 1. HP: 13/13 MP: 3/3
    46 | D:2      | Reached skill level 2 in Stealth
   103 | D:2      | Reached skill level 3 in Stealth
   103 | D:2      | Reached XP level 2. HP: 2/18 MP: 4/4
   194 | D:5      | Entered Level 5 of the Dungeon
   204 | D:5      | Found a staircase to the Ecumenical Temple.
   213 | Temple   | Entered the Ecumenical Temple
   217 | Temple   | Became a worshipper of Xom of Chaos
   264 | Temple   | Fell from the grace of Xom
   264 | Temple   | Became a worshipper of Cheibriados the Contemplative
   470 | D:1      | Reached skill level 4 in Stealth
   488 | D:1      | XOM: give mutations
   488 | D:1      | Gained mutation: Your body sometimes deteriorates upon
                  | taking damage. [Xom's mischief]
   488 | D:1      | Gained mutation: You are dopey. (Int -2) [Xom's mischief]
   493 | D:1      | Reached XP level 3. HP: 22/23 MP: 5/5
   593 | D:1      | Reached skill level 1 in Unarmed Combat
   658 | D:1      | Reached * piety under Cheibriados
   856 | D:2      | XOM: 4-stop teleportation journey
   894 | D:2      | Reached XP level 4. HP: 16/28 MP: 6/6
  1069 | D:3      | Found a glowing golden altar of the Shining One.
  1216 | D:4      | Reached skill level 5 in Stealth
  1216 | D:4      | Reached XP level 5. HP: 31/33 MP: 7/7
  1255 | D:4      | Reached ** piety under Cheibriados
  1396 | D:4      | You fall into a shaft and drop 3 floors!
  1452 | D:7      | Noticed a slave
  1459 | D:7      | Lost mutation: Your body sometimes deteriorates upon taking
                  | damage. [potion of mutation]
  1459 | D:7      | Lost mutation: You are dopey. (Int -2) [potion of mutation]
  1459 | D:7      | Gained mutation: You are covered in fur. (AC +1) [potion of
                  | mutation]
  1459 | D:7      | Gained mutation: Your mind is acute. (Int +2) [potion of
                  | mutation]
  1459 | D:7      | Gained mutation: You are partially covered in thin metallic
                  | scales. (AC +2) [potion of mutation]
  1581 | D:6      | Reached XP level 6. HP: 18/38 MP: 8/8
  1595 | D:6      | Noticed an orc warrior
  1616 | D:6      | Reached skill level 6 in Stealth
  1738 | D:6      | Reached skill level 5 in Unarmed Combat
  1738 | D:6      | Reached XP level 7. HP: 25/43 MP: 9/9
  1933 | D:4      | Noticed Menkaure
  1942 | D:4      | Killed Menkaure
  1942 | D:4      | Reached skill level 7 in Stealth
  2120 | D:5      | Reached *** piety under Cheibriados
  2251 | D:6      | Slain by an orc warrior

Illustrated notes

Levels and vault maps discovered:
D:1:      roderic_octagonal_star, layout_loops_ring
D:2:      layout_basic
D:3:      layout_basic, old_standard_altar, serial_bayou_ford_a, uniq_grinder
D:4:      layout_basic, minivault_23, uniq_menkaure
D:5:      layout_rooms, temple_statues, first_ration
D:6:      layout_loops_ring
D:7:      kennysheep_windowed_halls, layout_loops_ring, uniq_duvessa,
          uniq_pikel, uniq_joseph
Temple:   regret_index_temple_sigil_plot

Skill      XL: |  1  2  3  4  5  6  7 |
---------------+----------------------+-----
Stealth        | 3 4 5 6 7 |  7.4
Unarmed Combat | 1 2 4 5 6 |  6.2
Fighting       | |  1.0
Short Blades   | |  1.0
Dodging        | |  2.0
Evocations     | |  3.2

Action                   |  1- 3 |  4- 6 |  7- 9 || total
-------------------------+-------+-------+-------++-------
Melee: Short sword       |    65 |    76 |       ||   141
       Constrict         |    13 |    23 |    13 ||    49
       Tentacles         |     6 |    25 |    15 ||    46
       Unarmed           |       |    12 |    43 ||    55
       Punch             |       |     1 |     4 ||     5
Throw: Dart              |       |       |     1 ||     1
Evoke: Wand              |     4 |    17 |     1 ||    22
  Use: Potion            |       |     8 |     1 ||     9
       Scroll            |       |     4 |     1 ||     5
 Stab: Sleeping          |    15 |     9 |     1 ||    25
       Distracted        |       |       |     1 ||     1
  Eat: Chunk             |       |     1 |     1 ||     2
Armor: Skin              |     6 |     8 |     3 ||    17
Dodge: Dodged            |    28 |    42 |    22 ||    92

Table legend:
 A = Non-vault XP
 B = Vault XP
 C = Vault XP percentage of total XP
 D = Non-vault monster count
 E = Vault monster count
 F = Vault count percentage of total count
                 A         B        C        D         E       F
            +---------+---------+-------+---------+---------+-------
      Total |     838 |     169 |  16.8 |      95 |       1 |   1.0
            +---------+---------+-------+---------+---------+-------
        D:1 |      36 |       0 |   0.0 |      20 |       0 |   0.0
        D:2 |      47 |       0 |   0.0 |      19 |       0 |   0.0
        D:3 |      78 |       0 |   0.0 |      18 |       0 |   0.0
        D:4 |      96 |     169 |  63.8 |      14 |       1 |   6.7
        D:5 |     117 |       0 |   0.0 |       9 |       0 |   0.0
        D:6 |     407 |       0 |   0.0 |      13 |       0 |   0.0
        D:7 |      57 |       0 |   0.0 |       2 |       0 |   0.0
            +---------+---------+-------+---------+---------+-------
